 Dungeon Crawl Stone Soup version 0.22-a0-293-gc9362ec (webtiles) character file.

62 inmateoo the Skirmisher (level 3, -1/29 HPs)
             Began as a Mummy Monk on Mar 24, 2018.
             Slain by a worm (5 damage)
             ... on level 3 of the Dungeon.
             The game lasted 00:02:33 (2176 turns).

inmateoo the Skirmisher (Mummy Monk)                Turns: 2176, Time: 00:02:34

Health: -1/29      AC: 12    Str: 14    XL:     3   Next: 85%
Magic:  3/3        EV:  4    Int:  9    God:
Gold:   128        SH:  0    Dex: 15    Spells: 2/2 levels left

rFire    x . .     SeeInvis .   d - +0 dagger (freeze)
rCold    + . .     Gourm    .   (no shield)
rNeg     + + +     Faith    .   g - +0 plate armour
rPois    ∞         Spirit   .   e - +0 helmet
rElec    .         Reflect  .   (no cloak)
rCorr    .         Harm     .   (no gloves)
MR       .....                  h - +0 pair of boots
Stlth    ..........             (no amulet)
HPRegen  0.09/turn              (no ring)
MPRegen  0.08/turn              (no ring)

@: very slow
A: no food or potions, fire vulnerability, cold resistance 1, negative energy
resistance 3, torment resistance, unbreathing
a: no special abilities


You were on level 3 of the Dungeon.
You were not hungry.

You visited 1 branch of the dungeon, and saw 3 of its levels.

You collected 128 gold pieces.

Inventory:

Hand Weapons
 d - a +0 dagger of freezing (weapon)
Armour
 e - a +0 helmet (worn)
 g - a +0 plate armour (worn)
 h - a +0 pair of boots (worn)
Wands
 f - a wand of acid (9)
Scrolls
 b - a scroll of identify
 c - a scroll of fog


   Skills:
 + Level 3.4 Fighting
 + Level 0.4 Armour
 + Level 2.8 Dodging
 - Level 2.0 Stealth
 * Level 3.1 Unarmed Combat


You had 2 spell levels left.
You didn't know any spells.

Dungeon Overview and Level Annotations

Branches:
Dungeon (3/15)

Altars:

Portals:
Sewer: D:3

Annotations:
D:3 TheNamelessOne's ghost, amateur DsCj


Innate Abilities, Weirdness & Mutations

You do not eat or drink.
Your flesh is vulnerable to fire.
You are immune to poison.
Your flesh is cold resistant. (rC+)
You are immune to negative energy. (rN+++)
You are immune to unholy pain and torment.
You can survive without breathing.


Message History

Unknown command.
Your unstable footing causes you to fumble your attack.
The goblin barely misses you.
The hobgoblin splashes around in the water.
TheNamelessOne's ghost points at you and mumbles some strange words.
The magic dart hits you! The worm barely misses you. x2
Unknown command.
You hit the hobgoblin. You freeze the hobgoblin.
The hobgoblin is almost dead.
The goblin hits you but does no damage.
The hobgoblin hits you but does no damage.
TheNamelessOne's ghost hits you but does no damage.
Unknown command.
Your unstable footing causes you to fumble your attack.
The goblin hits you but does no damage. The hobgoblin hits you with a club.
* * * LOW HITPOINT WARNING * * *
The worm bites you.
* * * LOW HITPOINT WARNING * * *
The worm bites you.
You die...

**** #####
****
#..!#####≈≈##*
#.≈≈≈≈≈≈≈≈.[,*
*≈≈≈≈≈≈≈≈....*
*#≈≈∩####...#*
#ww##....,.#
#@g#...#**.#
#gW#...# *.#
###≈≈#...###.#
##≈≈....g....#
##≈.....###.##
###.....# #.#
#..#### #.#
#### #W# #g#


You could see 2 worms, TheNamelessOne's ghost, a hobgoblin and a goblin.

Vanquished Creatures
  An ooze (D:2)
  A worm (D:2)
  A leopard gecko (D:2)
  A ball python (D:1)
  3 giant cockroaches
  5 goblins
  10 hobgoblins
  A quokka (D:2)
  6 bats
  4 frilled lizards
  5 kobolds
  15 rats
53 creatures vanquished.

Vanquished Creatures (others)
  2 bats (D:1)
  A goblin (D:1)
3 creatures vanquished.

Grand Total: 56 creatures vanquished

Notes
Turn   | Place    | Note
-------+----------+-------------------------------------------
     0 | D:1      | inmateoo the Mummy Monk began the quest for the Orb.
     0 | D:1      | Reached XP level 1. HP: 18/18 MP: 1/1
   235 | D:1      | Reached XP level 2. HP: 14/24 MP: 2/2
  1138 | D:2      | Reached XP level 3. HP: 29/29 MP: 3/3
  2126 | D:3      | Noticed TheNamelessOne's ghost (amateur DsCj)
  2152 | D:3      | Found a glowing drain.
  2176 | D:3      | Slain by a worm

Vault maps used:
D:1:      nicolae_arrival_memento_mori, lemuel_old_faithful
D:2:      minmay_rat_gold_closets
D:3:      cheibrodos_sewer_entry_bend, grunt_decor_arrowhead, uniq_natasha

Skill      XL: |  1  2  3 |
---------------+----------+-----
Stealth        | 2 |  2.0
Unarmed Combat | 3 |  3.1
Fighting       | |  3.4
Armour         | |  0.4
Dodging        | |  2.8

Action                   || total
-------------------------++-------
Melee: Unarmed           ||    22
       Dagger            ||   170
       Punch             ||     2
  Use: Scroll            ||     2
 Stab: Sleeping          ||     6
Armor: Robe              ||    15
       Plate armour      ||   102
Dodge: Dodged            ||    75

Table legend:
 A = Spawn XP
 B = Non-spawn XP
 C = Spawn XP percentage of total XP
 D = Spawn monster count
 E = Non-spawn monster count
 F = Spawn count percentage of total count
 G = Total turns spent on level
                    A         B        C        D         E        F      G
               +---------+---------+-------+---------+---------+-------+---------
         Total |       0 |      89 |   0.0 |       0 |      53 |   0.0 |  2176
               +---------+---------+-------+---------+---------+-------+---------
           D:1 |       0 |      33 |   0.0 |       0 |      21 |   0.0 |   978
           D:2 |       0 |      49 |   0.0 |       0 |      26 |   0.0 |  1001
           D:3 |       0 |       7 |   0.0 |       0 |       6 |   0.0 |   197
               +---------+---------+-------+---------+---------+-------+---------
